 Dungeon Crawl Stone Soup version 0.18-b1-22-ge198996 (webtiles) character file.

558 eugo the Skirmisher (level 7, -13/64 HPs)
             Began as a Minotaur Fighter on May 4, 2016.
             Mangled by feelmyfire's ghost (17 damage)
             ... on level 5 of the Dungeon.
             The game lasted 00:17:40 (3350 turns).

eugo the Skirmisher (Minotaur Fighter)              Turns: 3350, Time: 00:17:43

Health: -13/64     AC: 15    Str: 28    XL:     7   Next: 9%
Magic:  6/6        EV:  5    Int:  5    God:
Gold:   79         SH: 10    Dex:  9    Spells: 0 memorised, 6 levels left

rFire  . . .     SeeInvis .     a - +0 war axe
rCold  . . .     Gourm    .     u - +0 plate armour
rNeg   . . .     Faith    .     c - +0 shield
rPois  +         Spirit   .     (helmet restricted)
rElec  .         Dismiss  .     A - +2 cloak {rPois}
rCorr  .         Reflect  .     (no gloves)
SustAt .         Harm     .     (no boots)
MR     .....                    (no amulet)
Stlth  ..........               F - ring of poison resistance
                                z - ring of loudness (curse)

@: mighty, not resistant to hostile enchantments, extremely unstealthy
A: retaliatory headbutt, horns 2
a: no special abilities


You were on level 5 of the Dungeon.
You were not hungry.

You visited 1 branch of the dungeon, and saw 5 of its levels.

You collected 149 gold pieces.
You spent 70 gold pieces at shops.

Inventory:

Hand Weapons
 a - a +0 war axe (weapon)
Armour
 b - a +0 scale mail
 c - a +0 shield (worn)
 u - a +0 plate armour (worn)
 A - a +2 cloak of poison resistance (worn)
Jewellery
 z - a cursed ring of loudness (left hand)
 E - an uncursed ring of wizardry
 F - a ring of poison resistance (right hand)
Wands
 p - a wand of paralysis (15/24)
 B - a wand of slowing (26/48)
Scrolls
 i - 2 scrolls of amnesia {unknown}
 j - a scroll of blinking {unknown}
 k - 2 scrolls of remove curse
 l - 4 scrolls of identify
 n - a scroll of magic mapping {unknown}
 o - 3 scrolls of fear
 r - a scroll of recharging {unknown}
 t - 2 scrolls of random uselessness {unknown}
 w - a scroll of enchant armour {unknown}
 y - a scroll of enchant weapon {unknown}
 C - 2 scrolls of teleportation {unknown}
Potions
 d - 2 potions of might
 e - a potion of ambrosia {unknown}
 g - 2 potions of curing
 h - a potion of haste {unknown}
 m - a potion of flight {unknown}
 q - a potion of brilliance {unknown}
 s - a potion of lignification {unknown}
 D - a potion of heal wounds {unknown}
Books
 G - a book of Enchantments

   Spells                             Type                      Level
   a - Cause Fear                     Hexes                        4
   b - Yara's Violent Unravelling     Hexes/Transmutation          5
   c - Silence                        Hexes/Air                    5
   d - Deflect Missiles               Charms/Air                   6
   e - Haste                          Charms                       6
   f - Discord                        Hexes                        8
Comestibles
 f - 3 bread rations
 v - 10 fruits
 x - a meat ration


   Skills:
 * Level 6.8 Fighting
 * Level 6.3 Axes
 + Level 5.2 Armour
 - Level 3.6 Shields


You had 6 spell levels left.
You didn't know any spells.

Dungeon Overview and Level Annotations

Branches:
Dungeon (5/15)
 Temple: D:4-7

Altars:

Shops:
D:5 =?

Annotations:
D:4 Menkaure; SkaryMonk's ghost, amateur TeAr
D:5 feelmyfire's ghost, novice MiFi


Innate Abilities, Weirdness & Mutations

You reflexively headbutt those who attack you in melee.
You have a pair of horns on your head.


Message History

Drink which item? (? for menu, Esc to quit)
You feel very mighty all of a sudden.
Feelmyfire's ghost hits you but does no damage.
You are electrocuted!
* * * LOW HITPOINT WARNING * * *
Drink which item? (? for menu, Esc to quit)
Okay, then.
You closely miss feelmyfire's ghost. You headbutt feelmyfire's ghost.
Feelmyfire's ghost is moderately damaged.
Feelmyfire's ghost wails, "What do you have that I didn't have?"
You block feelmyfire's ghost's attack.
The giant gecko bites you but does no damage.
You hit feelmyfire's ghost.
Feelmyfire's ghost is moderately damaged.
You closely miss the giant gecko.
The giant gecko bites you but does no damage.
Feelmyfire's ghost hits you.
* * * LOW HITPOINT WARNING * * *
You are electrocuted!
You die...

#. #### ... . #.. ..#
... #.# ...#
....####l####....##
......W@.÷.†......# #
....#>##.####......
..# . #....## ...##
#.. ##....# ..# #
##.#.# ## #..#.###
#.##...##### #
.......#....∩########
#.#.##.........##....


You could see feelmyfire's ghost and a giant gecko.

Vanquished Creatures
  Sigmund (D:3)
  A phantom (D:5)
  Blork the orc (D:4)
  2 hounds
  Ijyb (D:2)
  9 adders
  2 oozes
  A worm (D:4)
  3 dart slugs
  An orc (D:4)
  A ball python (D:3)
  8 bats
  2 giant cockroaches
  5 goblins
  8 hobgoblins
  4 jackals (D:1)
  10 kobolds
  A quokka (D:2)
  A giant gecko skeleton (D:4)
  7 giant newts
  10 rats
79 creatures vanquished.

Notes
Turn   | Place    | Note
--------------------------------------------------------------
     0 | D:1      | eugo the Minotaur Fighter began the quest for the Orb.
     0 | D:1      | Reached XP level 1. HP: 19/19 MP: 0/0
   183 | D:1      | Reached XP level 2. HP: 23/27 MP: 1/1
   400 | D:1      | Reached XP level 3. HP: 29/34 MP: 2/2
  1173 | D:2      | Reached XP level 4. HP: 16/41 MP: 3/3
  1370 | D:2      | Reached skill level 5 in Fighting
  1423 | D:2      | Noticed Ijyb
  1430 | D:2      | Paralysed by Ijyb for 4 turns
  1435 | D:2      | Killed Ijyb
  1806 | D:3      | Noticed Sigmund
  2028 | D:3      | Reached XP level 5. HP: 43/48 MP: 4/4
  2626 | D:3      | Killed Sigmund
  2626 | D:3      | Reached skill level 5 in Axes
  2626 | D:3      | Reached XP level 6. HP: 41/57 MP: 5/5
  2751 | D:4      | Noticed Blork the orc
  2774 | D:4      | Killed Blork the orc
  3009 | D:4      | Reached skill level 5 in Armour
  3161 | D:4      | Noticed SkaryMonk's ghost (amateur TeAr)
  3161 | D:4      | Noticed Menkaure
  3181 | D:5      | Entered Level 5 of the Dungeon
  3268 | D:5      | Reached XP level 7. HP: 49/64 MP: 6/6
  3270 | D:5      | Found Akaru's Magic Scroll Emporium.
  3286 | D:5      | Bought a scroll of identify for 28 gold pieces
  3286 | D:5      | Bought a scroll of remove curse for 42 gold pieces
  3303 | D:5      | Found Paxoich's Jewellery Shop.
  3340 | D:5      | Noticed feelmyfire's ghost (novice MiFi)
  3350 | D:5      | Mangled by feelmyfire's ghost

Skill      XL: |  1  2  3  4  5  6 |
---------------+-------------------+-----
Axes           | 3 4 5 6 |  6.3
Fighting       | 4 5 6 |  6.8
Armour         | 4 5 |  5.2
Shields        | |  3.6

Action                   |  1- 3 |  4- 6 |  7- 9 || total
-------------------------+-------+-------+-------++-------
Melee: War axe           |    96 |   152 |    12 ||   260
       Headbutt          |    10 |    22 |     3 ||    35
  Use: Scroll            |       |     1 |     1 ||     2
       Potion            |       |       |     1 ||     1
  Eat: Chunk             |     1 |     6 |     1 ||     8
Armor: Scale mail        |    60 |    30 |       ||    90
       Plate armour      |       |    49 |     7 ||    56
Dodge: Dodged            |    47 |    28 |     4 ||    79
Block: Shield            |    70 |    75 |     5 ||   150
